 Dungeon Crawl Stone Soup version 0.18-a0-1721-gc4d1f22 (webtiles) character file.

293 packetloss the Magician (level 6, -1/37 HPs)
             Began as an Octopode Wizard on Apr 9, 2016.
             Killed from afar by an orc wizard (9 damage)
             ... with a magic dart
             ... on level 3 of the Dungeon.
             The game lasted 00:16:25 (5343 turns).

packetloss the Magician (Octopode Wizard)           Turns: 5343, Time: 00:16:26

Health: -1/37      AC:  1    Str:  6    XL:     6   Next: 33%
Magic:  2/12       EV: 12    Int: 22    God:
Gold:   108        SH:  0    Dex: 11    Spells: 5 memorised, 2 levels left

rFire  . . .     SeeInvis .     h - +0 whip
rCold  . . .     Gourm    .     (no shield)
rNeg   . . .     Faith    .     a - +0 hat
rPois  +         Spirit   .     (no amulet)
rElec  .         Dismiss  .     k - ring of poison resistance
rCorr  .         Reflect  .     (no ring)
SustAt .         Harm     .     (no ring)
MR     .....                    (no ring)
Stlth  +++.......               (no ring)
                                (no ring)
                                (no ring)
                                (no ring)

@: very slightly contaminated, not resistant to hostile enchantments, fairly
stealthy
A: almost no armour, amphibious, 8 rings, constrict 8, camouflage 1, gelatinous
body 1
a: no special abilities


You were on level 3 of the Dungeon.
You were not hungry.

You visited 1 branch of the dungeon, and saw 4 of its levels.

You collected 108 gold pieces.

Inventory:

Hand Weapons
 f - a +0 dagger
 h - a +0 whip (weapon)
 w - a +0 dagger of venom
Missiles
 o - 3 needles of sleeping
Armour
 a - a +0 hat (worn)
Jewellery
 k - a ring of poison resistance (left tentacle)
Scrolls
 d - a scroll of noise {unknown}
 e - 2 scrolls of amnesia {unknown}
 i - 2 scrolls of identify {unknown}
 j - 4 scrolls of random uselessness {unknown}
 n - 2 scrolls of magic mapping {unknown}
 r - 2 scrolls of remove curse {unknown}
 t - a scroll of enchant weapon {unknown}
Potions
 g - 2 potions of brilliance {unknown}
 l - 2 potions of mutation {unknown}
 m - a potion of invisibility {unknown}
 p - a potion of degeneration {unknown}
 v - a potion of curing {unknown}
Books
 b - a book of Minor Magic

   Spells                             Type                      Level
   a - Magic Dart                     Conjuration                  1
   b - Blink                          Translocation                2
   c - Call Imp                       Summoning                    2
   d - Repel Missiles                 Charms/Air                   2
   e - Slow                           Hexes                        2
   f - Conjure Flame                  Conjuration/Fire             3
   g - Mephitic Cloud                 Conjuration/Poison/Air       3
Comestibles
 c - 3 bread rations
 q - a meat ration
 s - a chunk of flesh
 u - 2 fruits


   Skills:
 + Level 0.4 Fighting
 + Level 2.5 Dodging
 + Level 3.2 Stealth
 + Level 4.4 Spellcasting
 * Level 3.1 Conjurations
 + Level 0.2 Charms
   Level 1.0 Summonings
 + Level 1.0 Translocations
 * Level 1.9 Air Magic
 * Level 2.2 Poison Magic


You had 2 spell levels left.
You knew the following spells:

 Your Spells              Type           Power        Failure   Level  Hunger
a - Magic Dart            Conj           ###.         3%          1    None
b - Mephitic Cloud        Conj/Pois/Air  ###.....     12%         3    ##.....
d - Conjure Flame         Conj/Fire      ##......     17%         3    ##.....
o - Repel Missiles        Chrm/Air       #.....       12%         2    #......
q - Blink                 Tloc           N/A          12%         2    #......


Dungeon Overview and Level Annotations

Branches:
Dungeon (4/15)
 Temple: D:4-7

Altars:
Cheibriados
Xom


Innate Abilities, Weirdness & Mutations

You cannot wear most types of armour.
You are amphibious.
You can wear up to eight rings at the same time.
You can use your tentacles to constrict eight enemies at once.
Your skin changes colour to match your surroundings (Stealth).
Your rubbery body absorbs attacks (AC +1).


Message History

You don't have enough magic to cast that spell.
Unknown command.
Unknown command.
Casting: Mephitic Cloud
Confirm with . or Enter, or press ? or * to list all spells.
Okay, then.
There is a stone staircase leading up here.
The orc wizard gestures at you while chanting.
The magic dart hits you!
* * * LOW HITPOINT WARNING * * *
You climb upwards.
There is a stone staircase leading down here.
Unknown command.
You hit the orc wizard but do no damage.
You grab the orc wizard.
The orc wizard is severely wounded.
You constrict the orc wizard, but do no damage.
The orc wizard casts a spell at you. The magic dart hits you!
You die...

# #.#
###### #.#
#....# #.#
#....# #.#
#.(..# #.#
#)...# #.#
#(<..####o#
####
'....'...@#
#...
#....######
#.##
#....######
#.#
#....>....#
#)#
#.........#
#.#
#)........#
#.#
#....######
#.# #....#
#.#


You could see an orc wizard.

Vanquished Creatures
  An orc wizard (D:3)
  Robin (D:3)
  4 gnolls (D:2)
  10 adders
  2 oozes
  2 worms
  3 dart slugs
  3 giant geckos
  9 orcs
  5 bats
  4 giant cockroaches
  13 goblins
  14 hobgoblins
  5 jackals
  4 ball pythons
  5 giant newts
  7 kobolds
  5 rats
97 creatures vanquished.

Notes
Turn   | Place    | Note
--------------------------------------------------------------
     0 | D:1      | packetloss the Octopode Wizard began the quest for the Orb.
     0 | D:1      | Reached XP level 1. HP: 11/11 MP: 4/4
   385 | D:1      | Reached XP level 2. HP: 17/17 MP: 0/6
   645 | D:1      | Reached XP level 3. HP: 19/21 MP: 2/8
   881 | D:1      | Learned a level 3 spell: Mephitic Cloud
   899 | D:1      | Learned a level 2 spell: Repel Missiles
   903 | D:1      | Learned a level 3 spell: Conjure Flame
  1100 | D:2      | Found a snail-covered altar of Cheibriados.
  1210 | D:2      | Reached skill level 1 in Poison Magic
  1272 | D:2      | Reached XP level 4. HP: 23/27 MP: 6/9
  1333 | D:2      | Reached skill level 4 in Spellcasting
  1656 | D:2      | Learned a level 2 spell: Blink
  2332 | D:2      | Reached XP level 5. HP: 31/31 MP: 5/11
  2363 | D:2      | Reached skill level 1 in Air Magic
  3700 | D:3      | Found a shimmering altar of Xom.
  3722 | D:3      | Noticed Robin
  4554 | D:3      | Killed Robin
  4554 | D:3      | Reached XP level 6. HP: 37/37 MP: 1/12
  5343 | D:3      | Killed from afar by an orc wizard

Vault maps used:
D:1:      dpeg_arrival_brainrot
D:2:      cheibriados_altar_1, grunt_ministairs_6
D:3:      xom_teletrap_fun, first_bread, uniq_robin
D:4:      grunt_temple_overflow_growth_and_decay,
          gammafunk_temple_overflow_wave, ashenzari_conservatory_becter,
          temple_statues

Skill      XL: |  1  2  3  4  5  6 |
---------------+-------------------+-----
Poison Magic   | 1 2 |  2.2
Spellcasting   | 4 |  4.4
Conjurations   | 2 3 |  3.1
Air Magic      | 1 |  1.9
Stealth        | 3 |  3.2
Fighting       | |  0.4
Dodging        | |  2.5
Charms         | |  0.2
Summonings     | |  1.0
Translocations | |  1.0

Action                   |  1- 3 |  4- 6 || total
-------------------------+-------+-------++-------
Melee: Whip              |    38 |    45 ||    83
 Cast: Magic Dart        |    59 |   208 ||   267
       Repel Missiles    |     1 |       ||     1
       Mephitic Cloud    |       |     3 ||     3
       Blink             |       |     2 ||     2
  Eat: Chunk             |       |    14 ||    14
